 Dungeon Crawl Stone Soup version 0.29-a0-284-gf9362112df (webtiles) character file.

Game seed: 9545262129480541939

78 spaghetti the Skirmisher (level 4, -2/37 HPs)
             Began as a Demonspawn Warper on Mar 24, 2022.
             Was a Follower of Uskayaw.
             Succumbed to an orc's poison
             ... on level 2 of the Dungeon.
             The game lasted 00:03:08 (2027 turns).

spaghetti the Skirmisher (Demonspawn Warper)        Turns: 2027, Time: 00:03:09

Health: -2/37      AC:  3    Str: 11    XL:     4   Next: 15%
Magic:  7/7        EV: 12    Int: 14    God:    Uskayaw [*.....]
Gold:   34         SH:  0    Dex: 15    Spells: 7/7 levels left

rFire   . . .      SeeInvis .   f - +0 hand axe (vamp) {axe}
rCold   . . .      Faith    .   (no shield)
rNeg    . . .      Spirit   .   b - +0 leather armour
rPois   .          Reflect  .   (no helmet)
rElec   .          Harm     .   (no cloak)
rCorr   .          Rampage  .   (no gloves)
Will    .....                   (no boots)
Stlth   +.........              (no amulet)
HPRegen 0.12/turn               (no ring)
MPRegen 0.10/turn               (no ring)

@: lethally poisoned (-2 -> -19)
A: demonic guardian 1, powered by death 1, sturdy frame 1
a: Renounce Religion, Stomp


You were on level 2 of the Dungeon.
You worshipped Uskayaw.
Uskayaw was noncommittal.
You visited 1 branch of the dungeon, and saw 2 of its levels.

You collected 34 gold pieces.


Innate Abilities, Weirdness & Mutations

A weak demonic guardian rushes to your aid.
You regenerate a little health from kills.
Your movements are slightly less encumbered by armour. (ER -2)


   Skills:
 + Level 3.7 Fighting
 - Level 1.7 Long Blades
 - Level 0.8 Throwing
 - Level 0.8 Armour
 - Level 1.7 Dodging
 - Level 2.0 Spellcasting
 - Level 2.6 Translocations
 + Level 2.8 Invocations


You had 7 spell levels left.
You didn't know any spells.
Your spell library contained the following spells:

 Spells                   Type           Power      Damage    Failure   Level
 Blink                    Tloc           16%        N/A       13%         2
 Beastly Appendage        Tmut           2%         N/A       26%         1
 Gell's Gravitas          Tloc           8%         N/A       26%         3
 Lesser Beckoning         Tloc           8%         N/A       26%         3
 Teleport Other           Tloc           8%         N/A       26%         3
 Wereblood                Tmut           1%         N/A       36%         2
 Spider Form              Tmut/Pois      1%         N/A       58%         3
 Manifold Assault         Tloc           8%         N/A       93%         5

Inventory:

Hand Weapons
 a - a +0 falchion {long}
 f - a +0 vampiric hand axe (weapon) {axe}
   (You took it off an orc priest on level 2 of the Dungeon)
Missiles
 d - 7 boomerangs of dispersal {=f!fthrowing}
 e - 77 stones (quivered) {throwing}
Armour
 b - a +0 leather armour (worn)
Scrolls
 c - a scroll of blinking {!r}
 h - a scroll of vulnerability {!r!r}

Dungeon Overview and Level Annotations

Branches:
Dungeon (2/15)

Altars:
Uskayaw

Annotations:
D:2 1 runed translucent door, Crazy Yiuf

#.#..........###.....
#.#..........# #...##
#.#..######### ######
#.#..# #.#..#
#.#..##♣♣ ### #
#.....♣♣ ♣♣#..)# #
#§§§...♣♣♣♣.+...# #
#§@§....♣..♣#...# #
#§o§...♣.♣♣♣ ###
#.5##♣♣♣♣♣ # ##.# #
#.# ### # #...# #.#
#...# #.# #...#
#.#### #...# #.....


You could see an orc (ally target) and a friendly white imp (summoned).


Message History

You aren't carrying any items that you can evoke.
Okay, then.
You swap places.
The orc priest miscasts a cantrip.
The orc hits your quasit with a +0 flail.
Okay, then.
Okay, then.
You feel better.
Your quasit bites the orc.
Your quasit claws the orc.
The orc dies!
The orc priest hits your quasit with a +0 vampiric hand axe.
Your quasit dies!
Your quasit disappears in a puff of smoke! 😮 HP[+10]
You regained 10 hp, and now have 20/29 hp.
You hit the orc priest. The orc closely misses you.
The orc priest mumbles some strange prayers to Beogh against you.
You barely resist. You hit the orc priest.
You kill the orc priest!
The orc barely misses you.
You have reached level 4!
You feel agile.
Your demonic ancestry asserts itself...
A wave of death washes over you. 😮 HP[+6] MP[+1]
You now have 37 max hp (+8).
You regained 6 hp, and now have 26/37 hp.
Your mp is fully restored (7).
You closely miss the orc. The orc misses you.
You barely miss the orc. You hit the orc. The orc hits you with a +0 hand axe.
You can now pass through a line of other dancers. 😮 HP[-4]
You take 4 damage, and now have 22/37 hp.
You completely miss the orc. The orc closely misses you.
You barely miss the orc. The orc closely misses you.
You closely miss the orc. The orc closely misses you.
You slash the orc!
You kill the orc! 😮 HP[+1]
You see here a +0 hand axe {axe}. 😮 HP[+1] 😮 HP[+1]
f - a +0 vampiric hand axe {axe}
Things that are here:
a +0 flail {mace}; an orc corpse 😮 HP[+1]
You feel a sense of dread.
f - a +0 vampiric hand axe (weapon)
{axe} 😮 HP[+1]
Your extra speed is starting to run out.
You feel yourself slow down.
You are starting to lose your buoyancy.
You float gracefully downwards.
Key pressed, stopping explore.
Key pressed, stopping explore.
Crazy Yiuf shouts!
An orc comes into view.
It is wielding a +2 dagger of venom. 😎 HP[+10]
Your hp is fully restored (37).
You hit the orc.
The orc hits you with a +2 dagger of venom.
A demonic guardian appears!
You are poisoned.
The orc hits you with a +2 dagger of venom.
You are more poisoned. 😕 HP[-7]
You take 7 damage, and now have 30/37 hp.
You closely miss the orc.
You feel extremely sick.
The orc hits you but does no damage. 😮 HP[-8]
You take 8 damage, and now have 22/37 hp.
MASSIVE DAMAGE!! (PAUSE)
* * * LOW HITPOINT WARNING * * *
You feel very sick.
Your white imp closely misses the orc. 😨 HP[-4]
You take 4 damage, and now have 18/37 hp.
The orc attacks as you move away! The orc barely misses you.
* * * LOW HITPOINT WARNING * * *
You feel very sick. 😨 HP[-3]
You take 3 damage, and now have 15/37 hp.
You feel sick. 😨 HP[-2]
You take 2 damage, and now have 13/37 hp.
The orc attacks as you move away!
The orc hits you with a +2 dagger of venom.
* * * LOW HITPOINT WARNING * * *
You are more poisoned.
* * * LOW HITPOINT WARNING * * *
You feel very sick. 😱 HP[-11]
You take 11 damage, and now have 2/37 hp.
MASSIVE DAMAGE!! (PAUSE)
You aren't carrying any potions.
As you read the scroll labelled REM LOIDDUZORHI, it crumbles to dust.
The scroll dissolves into smoke.
It was a scroll of fog.
You die...

Skill      XL: |  1  2  3 |
---------------+----------+-----
Fighting       | 3 |  3.7
Invocations    | 1 2 |  2.8
Long Blades    | |  1.7
Throwing       | |  0.8
Armour         | |  0.8
Dodging        | |  1.7
Spellcasting   | |  2.0
Translocations | |  2.6

Action                   |  1- 3 |  4- 6 || total
-------------------------+-------+-------++-------
Melee: Falchion          |    86 |     7 ||    93
       Hand axe          |       |     2 ||     2
Throw: Stone             |    31 |       ||    31
  Use: Scroll            |     5 |     1 ||     6
       Potion            |     4 |       ||     4
 Stab: Paralysed         |     1 |       ||     1
Armor: Leather armour    |    34 |     1 ||    35
Dodge: Dodged            |    58 |     5 ||    63

Levels and vault maps discovered:
D:1:      ncdulo_watergridlock, layout_loops_cross, basic_ecumenical_altar
D:2:      layout_basic, uniq_crazy_yiuf_cottage

Notes
Turn   | Place    | Note
-------+----------+-------------------------------------------
     0 | D:1      | spaghetti the Demonspawn Warper began the quest for the
                  | Orb.
     0 | D:1      | Reached XP level 1. HP: 16/16 MP: 3/3
     0 | D:1      | magus.rc [v1.9.6]
    96 | D:1      | Found a faded altar of an unknown god.
   109 | D:1      | Prayed at the altar of an unknown god.
   109 | D:1      | Became a worshipper of Uskayaw the Reveller
   109 | D:1      | Reached * piety under Uskayaw
   192 | D:1      | Gained mutation: Your movements are slightly less
                  | encumbered by armour. (ER -2) [demonic ancestry]
   192 | D:1      | Reached XP level 2. HP: 23/23 MP: 5/5
   195 | D:1      | Reached ** piety under Uskayaw
   199 | D:1      | Reached *** piety under Uskayaw
   237 | D:1      | Reached skill level 3 in Fighting
   375 | D:1      | Reached skill level 1 in Invocations
   412 | D:1      | You pick up a book of Changes and begin reading...
   412 | D:1      | You add the spells Beastly Appendage, Wereblood and Spider
                  | Form to your library.
   731 | D:1      | Gained mutation: A weak demonic guardian rushes to your
                  | aid. [demonic ancestry]
   731 | D:1      | Reached XP level 3. HP: 27/29 MP: 6/6
  1213 | D:2      | Reached skill level 2 in Invocations
  1864 | D:2      | Gained mutation: You regenerate a little health from kills.
                  | [demonic ancestry]
  1864 | D:2      | Reached XP level 4. HP: 26/37 MP: 7/7
  2006 | D:2      | Found a runed translucent door.
  2007 | D:2      | Noticed Crazy Yiuf
  2026 | D:2      | HP: 7/37 [orc/+2 dagger of venom (6)]
  2026 | D:2      | HP: 2/37 [poisoned by an orc]
  2027 | D:2      | Succumbed to an orc's poison

Vanquished Creatures
  An orc priest (D:2)
  A dart slug (D:1)
  An orc (D:2)
  2 ball pythons (D:1)
  9 endoplasms
  2 giant cockroaches (D:1)
  6 goblins
  5 hobgoblins
  A quokka (D:2)
  4 bats (D:1)
  A frilled lizard (D:1)
  2 kobolds (D:1)
  2 rats (D:1)
37 creatures vanquished.

Vanquished Creatures (collateral kills)
  An orc (D:2)
1 creature vanquished.

Grand Total: 38 creatures vanquished

Table legend:
 A = Non-vault XP
 B = Vault XP
 C = Vault XP percentage of total XP
 D = Non-vault monster count
 E = Vault monster count
 F = Vault count percentage of total count
                 A         B        C        D         E       F
            +---------+---------+-------+---------+---------+-------
      Total |     112 |       0 |   0.0 |      38 |       0 |   0.0
            +---------+---------+-------+---------+---------+-------
        D:1 |      45 |       0 |   0.0 |      25 |       0 |   0.0
        D:2 |      67 |       0 |   0.0 |      13 |       0 |   0.0
            +---------+---------+-------+---------+---------+-------

Illustrated notes

Table legend:
 A = Kills in this place as a percentage of kills in entire the game.
 B = Kills by you in this place as a percentage of kills by you in the entire game.
 C = Kills by friends in this place as a percentage of kills by friends in the entire game.
 D = Other kills in this place as a percentage of other kills in the entire game.
 E = Experience gained in this place as a percentage of experience gained in the entire game.
 F = Experience gained in this place divided by the number of levels of this place that you have seen.
                   A       B       C       D       E      F
               +-------+-------+-------+-------+-------+----------------------
         Total | 100.0 | 100.0 | 100.0 |   N/A | 100.0 |  56.0
       Dungeon | 100.0 | 100.0 | 100.0 |   N/A | 100.0 |  56.0
               +-------+-------+-------+-------+-------+----------------------

Table legend: (Time is in decaauts)
 A = Elapsed time spent in this place.
 B = Non-inter-level travel time spent in this place.
 C = Inter-level travel time spent in this place.
 D = Time resting spent in this place.
 E = Time spent auto-exploring this place.
 F = Levels seen in this place.
 G = Mean time per level.
                   A        B        C        D        E       F      G
               +--------+--------+--------+--------+--------+-----+--------+
         Total |   2037 |   2025 |     12 |      0 |   1736 |   2 | 1018.5 |
       Dungeon |   2037 |   2025 |     12 |      0 |   1736 |   2 | 1018.5 |
               +--------+--------+--------+--------+--------+-----+--------+

Top non-repeatable levels by time:
     D:2: 1037 daAuts
     D:1: 999 daAuts
